| TOP OF THE 1ST |
|
California Angels batting - Pitching for San Francisco Giants : RHP Josh Lister
|
|
Pitching: RHP Josh Lister
|
|
|
Batting: RHB Bjoern Waltersson
|
0-0: Ball 1-0: Foul Ball, location: 2F 1-1: SINGLE (Line Drive, 56D, EV 96.2 MPH)
|
|
Batting: LHB Rusty Ney
|
0-0: Ball 1-0: 2-RUN HOME RUN (Flyball, 7D, EV 101.2 MPH), Distance : 391 ft
|
|
Batting: RHB Ruben Velasco
|
0-0: Ball 1-0: Ball 2-0: Called Strike 2-1: Swinging Strike 2-2: Foul Ball, location: 2F 2-2: Ball 3-2: Strikes out swinging
|
|
Batting: RHB Preston Deakyne
|
0-0: Ball 1-0: SINGLE (Line Drive, 6D, EV 101.9 MPH)
|
|
Batting: RHB Alain Delhaye
|
0-0: Called Strike 0-1: Swinging Strike 0-2: Foul Ball, location: 2F 0-2: Strikes out swinging
|
|
Batting: RHB Nick Dunn
|
0-0: Ball 1-0: Ball 2-0: Called Strike 2-1: Foul Ball, location: 2F 2-2: Ball 3-2: Foul Ball, location: 2F 3-2: Foul Ball, location: 2F 3-2: Strikes out swinging
|
| Top of the 1st over - 2 runs, 3 hits, 0 errors, 1 left on base; California 2 - San Francisco 0 |
| BOTTOM OF THE 1ST |
|
San Francisco Giants batting - Pitching for California Angels : RHP Danny White
|
|
Pitching: RHP Danny White
|
|
|
Batting: RHB Nick Rigden
|
0-0: Foul Ball, location: 2F 0-1: Swinging Strike 0-2: Strikes out swinging
|
|
Batting: LHB Carey Horncole
|
0-0: Swinging Strike 0-1: Ground out U3 (Groundball, 34, EV 83.1 MPH)
|
|
Batting: RHB Sean Zielinski
|
0-0: Ball 1-0: Called Strike 1-1: Foul Ball, location: 2F 1-2: Ball 2-2: Ball 3-2: SOLO HOME RUN (Flyball, 9D, EV 96.2 MPH), Distance : 374 ft
|
|
Batting: LHB Jack Henningar
|
0-0: Ball 1-0: Called Strike 1-1: Foul Ball, location: 2F 1-2: Ground out U3 (Groundball, 34S, EV 78.1 MPH)
|
| Bottom of the 1st over - 1 run, 1 hit, 0 errors, 0 left on base; California 2 - San Francisco 1 |
| TOP OF THE 2ND |
|
California Angels batting - Pitching for San Francisco Giants : RHP Josh Lister
|
|
Batting: RHB Avery Maxwell
|
0-0: Ball 1-0: Foul Ball, location: 2F 1-1: Called Strike 1-2: Foul Ball, location: 2F 1-2: Ball 2-2: Ground out 5-3 (Groundball, 56, EV 101.2 MPH)
|
|
Batting: LHB Javier Trujillo
|
0-0: DOUBLE (Line Drive, 7LS, EV 93.8 MPH)
|
|
Batting: RHB Luis Romero
|
0-0: Ball 1-0: Ball 2-0: Ball 3-0: Base on Balls
|
|
Batting: RHB Bjoern Waltersson
|
0-0: 3-RUN HOME RUN (Line Drive, 7LD, EV 97.5 MPH), Distance : 357 ft
|
|
Batting: LHB Rusty Ney
|
0-0: Foul Ball, location: 2F 0-1: Ball 1-1: Swinging Strike 1-2: Fly out, F8 (Line Drive, 8RM, EV 98.8 MPH)
|
|
Batting: RHB Ruben Velasco
|
0-0: Called Strike 0-1: Ball 1-1: Called Strike 1-2: Ball 2-2: Ball 3-2: Base on Balls
|
|
Batting: RHB Preston Deakyne
|
0-0: Ball 1-0: Hit by Pitch Ruben Velasco to second
|
|
Pitching: RHP Tim Welshman
|
|
|
Batting: RHB Alain Delhaye
|
0-0: Ball 1-0: Called Strike 1-1: SINGLE (Flyball, 78S, EV 82.5 MPH) Ruben Velasco to third Preston Deakyne to second Runner from 3rd tries for Home, SAFE, throw by LF to home
|
|
Batting: RHB Nick Dunn
|
0-0: SINGLE (Groundball, 6S, EV 65.6 MPH) (infield hit) Preston Deakyne to third Alain Delhaye to second
|
|
Batting: RHB Avery Maxwell
|
0-0: Swinging Strike 0-1: Swinging Strike 0-2: Ball 1-2: Ball 2-2: Ball 3-2: Strikes out swinging
|
| Top of the 2nd over - 4 runs, 4 hits, 0 errors, 3 left on base; California 6 - San Francisco 1 |
| BOTTOM OF THE 2ND |
|
San Francisco Giants batting - Pitching for California Angels : RHP Danny White
|
|
Batting: SHB Ryan Doss
|
0-0: Ball 1-0: Ball 2-0: Foul Ball, location: 2F 2-1: Ground out 4-3 (Groundball, 4, EV 110.6 MPH)
|
|
Batting: LHB Tom Best
|
0-0: Ball 1-0: Swinging Strike 1-1: Ball 2-1: Swinging Strike 2-2: Ground out 1-3 (Groundball, 34S, EV 70.6 MPH)
|
|
Batting: SHB Bill Dooms
|
0-0: Called Strike 0-1: Ball 1-1: Ball 2-1: SINGLE (Line Drive, 8LS, EV 105.6 MPH)
|
|
Batting: RHB Nate Hodson
|
0-0: Reached on error, E6 (Groundball, 6, EV 93.8 MPH) Bill Dooms to second
|
|
Batting: LHB John Blair
|
0-0: Foul Ball, location: 2F 0-1: Swinging Strike 0-2: Ball 1-2: Strikes out swinging
|
| Bottom of the 2nd over - 0 runs, 1 hit, 1 error, 2 left on base; California 6 - San Francisco 1 |
| TOP OF THE 3RD |
|
California Angels batting - Pitching for San Francisco Giants : RHP Tim Welshman
|
|
Batting: LHB Javier Trujillo
|
0-0: Ground out 4-3 (Groundball, 4, EV 85.6 MPH)
|
|
Batting: RHB Luis Romero
|
0-0: Ball 1-0: Ball 2-0: Ball 3-0: Called Strike 3-1: Swinging Strike 3-2: Strikes out swinging
|
|
Batting: RHB Bjoern Waltersson
|
0-0: Ball 1-0: Ground out 5-3 (Groundball, 56S, EV 71.2 MPH)
|
| Top of the 3rd over - 0 runs, 0 hits, 0 errors, 0 left on base; California 6 - San Francisco 1 |
| BOTTOM OF THE 3RD |
|
San Francisco Giants batting - Pitching for California Angels : RHP Danny White
|
|
Batting: RHB Nick Rigden
|
0-0: Called Strike 0-1: DOUBLE (Line Drive, 89M, EV 105.0 MPH)
|
|
Batting: LHB Carey Horncole
|
0-0: Called Strike 0-1: Foul Ball, location: 2F 0-2: Foul Ball, location: 2F 0-2: Foul Ball, location: 2F 0-2: SINGLE (Line Drive, 7S, EV 110.6 MPH) Nick Rigden to third
|
|
Batting: RHB Sean Zielinski
|
0-0: Called Strike 0-1: 3-RUN HOME RUN (Line Drive, 9LD, EV 93.8 MPH), Distance : 333 ft
|
|
Batting: LHB Jack Henningar
|
0-0: Ball 1-0: Ball 2-0: Fly out, F8 (Line Drive, 89M, EV 96.2 MPH)
|
|
Batting: SHB Ryan Doss
|
0-0: Ball 1-0: Fly out, F9 (Flyball, 9, EV 88.8 MPH)
|
|
Batting: LHB Tom Best
|
0-0: Ball 1-0: SINGLE (Line Drive, 7S, EV 85.0 MPH)
|
|
Batting: SHB Bill Dooms
|
0-0: Called Strike 0-1: Called Strike 0-2: Ball 1-2: Ball 2-2: Strikes out swinging
|
| Bottom of the 3rd over - 3 runs, 4 hits, 0 errors, 1 left on base; California 6 - San Francisco 4 |
| TOP OF THE 4TH |
|
California Angels batting - Pitching for San Francisco Giants : RHP Tim Welshman
|
|
Batting: LHB Rusty Ney
|
0-0: Fly out, F7 (Flyball, 7, EV 91.9 MPH)
|
|
Batting: RHB Ruben Velasco
|
0-0: Ball 1-0: Ball 2-0: Ball 3-0: Called Strike 3-1: Base on Balls
|
|
Batting: RHB Preston Deakyne
|
0-0: SINGLE (Flyball, 8LS, EV 95.6 MPH) Ruben Velasco to second Runner from 2nd tries for 3rd, OUT! 8-5
|
|
Batting: RHB Alain Delhaye
|
0-0: Called Strike 0-1: Ball 1-1: Swinging Strike 1-2: Foul Ball, location: 2F 1-2: Ball Preston Deakyne steals 2nd base 2-2: Ball 3-2: Ground out 5-3 (Groundball, 5, EV 88.8 MPH)
|
| Top of the 4th over - 0 runs, 1 hit, 0 errors, 1 left on base; California 6 - San Francisco 4 |
| BOTTOM OF THE 4TH |
|
San Francisco Giants batting - Pitching for California Angels : RHP Danny White
|
|
Batting: RHB Nate Hodson
|
0-0: Called Strike 0-1: Foul Ball, location: 2F 0-2: Ball 1-2: Strikes out swinging
|
|
Batting: LHB John Blair
|
0-0: Swinging Strike 0-1: Called Strike 0-2: Ball 1-2: Foul Ball, location: 2F 1-2: TRIPLE (Flyball, 78XD, EV 103.1 MPH)
|
|
Batting: RHB Nick Rigden
|
0-0: Ground out 5-3 (Groundball, 5, EV 86.9 MPH)
|
|
Batting: LHB Carey Horncole
|
0-0: Ball 1-0: Foul Ball, location: 2F 1-1: Fly out, F4 (Popup, 4S, EV 60.6 MPH)
|
| Bottom of the 4th over - 0 runs, 1 hit, 0 errors, 1 left on base; California 6 - San Francisco 4 |
| TOP OF THE 5TH |
|
California Angels batting - Pitching for San Francisco Giants : RHP Tim Welshman
|
|
Batting: RHB Nick Dunn
|
0-0: Foul Ball, location: 2F 0-1: TRIPLE (Line Drive, 78XD, EV 103.8 MPH)
|
|
Batting: RHB Avery Maxwell
|
0-0: Ball 1-0: Foul Ball, location: 2F 1-1: Ball 2-1: Foul Ball, location: 2F 2-2: Ball 3-2: Foul Ball, location: 2F 3-2: Strikes out swinging
|
|
Batting: LHB Javier Trujillo
|
0-0: SINGLE (Groundball, 4D, EV 96.9 MPH) Nick Dunn scores
|
|
Batting: RHB Luis Romero
|
0-0: Called Strike 0-1: Called Strike 0-2: Ball 1-2: Ball 2-2: Fly out, F8 (Flyball, 89M, EV 91.9 MPH)
|
|
Batting: RHB Bjoern Waltersson
|
0-0: Ball 1-0: Ground out 4-3 (Groundball, 4, EV 90.0 MPH)
|
| Top of the 5th over - 1 run, 2 hits, 0 errors, 1 left on base; California 7 - San Francisco 4 |
| BOTTOM OF THE 5TH |
|
San Francisco Giants batting - Pitching for California Angels : RHP Danny White
|
|
Batting: RHB Sean Zielinski
|
0-0: Ball 1-0: Called Strike 1-1: Ball 2-1: Ball 3-1: Base on Balls
|
|
Batting: LHB Jack Henningar
|
0-0: Called Strike 0-1: Foul Ball, location: 2F 0-2: SINGLE (Line Drive, 89S, EV 95.0 MPH) Sean Zielinski to second Runner from 2nd tries for 3rd, SAFE, throw by RF made to third
|
|
Batting: SHB Ryan Doss
|
0-0: Called Strike 0-1: Ball 1-1: Swinging Strike 1-2: Foul Ball, location: 2F 1-2: Foul Ball, location: 2F 1-2: Strikes out looking
|
|
Batting: LHB Tom Best
|
0-0: Ball 1-0: Ground out 4-3 (Groundball, 4S, EV 85.6 MPH) Jack Henningar to second
|
|
Batting: SHB Bill Dooms
|
0-0: Ball 1-0: Ball 2-0: DOUBLE (Flyball, 8RXD, EV 101.9 MPH) Sean Zielinski scores Jack Henningar scores
|
|
Pitching: LHP Steve Cooper
|
|
|
Batting: RHB Nate Hodson
|
0-0: Called Strike 0-1: Fly out, F9 (Flyball, 89S, EV 93.8 MPH)
|
| Bottom of the 5th over - 2 runs, 2 hits, 0 errors, 1 left on base; California 7 - San Francisco 6 |
| TOP OF THE 6TH |
|
California Angels batting - Pitching for San Francisco Giants : RHP Tim Welshman
|
|
Batting: LHB Rusty Ney
|
0-0: Called Strike 0-1: Ground out U3 (Groundball, 3, EV 81.9 MPH)
|
|
Batting: RHB Ruben Velasco
|
0-0: Ball 1-0: Called Strike 1-1: Ball 2-1: SOLO HOME RUN (Flyball, 7D, EV 98.1 MPH), Distance : 376 ft
|
|
Pitching: RHP Alex Montes
|
|
|
Batting: RHB Preston Deakyne
|
0-0: Called Strike 0-1: Swinging Strike 0-2: Strikes out looking
|
|
Batting: RHB Alain Delhaye
|
0-0: Ball 1-0: Ground out 4-3 (Groundball, 4MD, EV 103.8 MPH)
|
| Top of the 6th over - 1 run, 1 hit, 0 errors, 0 left on base; California 8 - San Francisco 6 |
| BOTTOM OF THE 6TH |
|
San Francisco Giants batting - Pitching for California Angels : LHP Steve Cooper
|
|
Batting: LHB John Blair
|
0-0: Ground out 4-3 (Groundball, 4, EV 94.4 MPH)
|
|
Batting: RHB Nick Rigden
|
0-0: Ball 1-0: Swinging Strike 1-1: Ball 2-1: Swinging Strike 2-2: Fly out, F9 (Flyball, 9LM, EV 93.1 MPH)
|
|
Batting: LHB Carey Horncole
|
0-0: Called Strike 0-1: Ground out U3 (Groundball, 3, EV 80.0 MPH)
|
| Bottom of the 6th over - 0 runs, 0 hits, 0 errors, 0 left on base; California 8 - San Francisco 6 |
| TOP OF THE 7TH |
|
California Angels batting - Pitching for San Francisco Giants : RHP Alex Montes
|
|
Batting: RHB Nick Dunn
|
0-0: Foul Ball, location: 2F 0-1: Foul Ball, location: 2F 0-2: Ball 1-2: Strikes out swinging
|
|
Batting: RHB Avery Maxwell
|
0-0: Called Strike 0-1: Ball 1-1: Fly out, F4 (Popup, 4S, EV 80.6 MPH)
|
|
Batting: LHB Javier Trujillo
|
0-0: Foul Ball, location: 2F 0-1: Fly out, F8 (Flyball, 8RXD, EV 94.4 MPH)
|
| Top of the 7th over - 0 runs, 0 hits, 0 errors, 0 left on base; California 8 - San Francisco 6 |
| BOTTOM OF THE 7TH |
|
San Francisco Giants batting - Pitching for California Angels : LHP Steve Cooper
|
|
Batting: RHB Sean Zielinski
|
0-0: Called Strike 0-1: Ball 1-1: Fly out, F7 (Line Drive, 78M, EV 93.1 MPH)
|
|
Batting: LHB Jack Henningar
|
0-0: Ball 1-0: Ball 2-0: Foul Ball, location: 2F 2-1: Called Strike 2-2: Foul Ball, location: 2F 2-2: Ball 3-2: Foul Ball, location: 2F 3-2: Base on Balls
|
|
Batting: SHB Ryan Doss
|
0-0: Called Strike 0-1: Called Strike 0-2: Ball 1-2: Ball 2-2: SINGLE (Groundball, 25, EV 68.1 MPH) (infield hit) Jack Henningar to second
|
|
Batting: LHB Tom Best
|
0-0: Ball 1-0: Called Strike 1-1: Grounds into double play, 4-6-3 (Groundball, 4, EV 99.4 MPH)
|
| Bottom of the 7th over - 0 runs, 1 hit, 0 errors, 1 left on base; California 8 - San Francisco 6 |
| TOP OF THE 8TH |
|
California Angels batting - Pitching for San Francisco Giants : RHP Alex Montes
|
|
Batting: RHB Luis Romero
|
0-0: Ball 1-0: Called Strike 1-1: Ball 2-1: Called Strike 2-2: Fly out, F9 (Flyball, 9LD, EV 108.1 MPH)
|
|
Batting: RHB Bjoern Waltersson
|
0-0: Ball 1-0: Foul Ball, location: 2F 1-1: Ball 2-1: SINGLE (Line Drive, 34, EV 99.4 MPH)
|
|
Batting: LHB Rusty Ney
|
0-0: Called Strike 0-1: Called Strike Bjoern Waltersson steals 2nd base 0-2: Ball 1-2: Ball 2-2: Ball 3-2: Intentional Walk
|
|
Batting: RHB Ruben Velasco
|
0-0: Foul Ball, location: 2F 0-1: Swinging Strike 0-2: Strikes out swinging
|
|
Batting: RHB Preston Deakyne
|
0-0: Called Strike 0-1: TRIPLE (Flyball, 89XD, EV 103.8 MPH) Bjoern Waltersson scores Rusty Ney scores
|
|
Batting: RHB Alain Delhaye
|
0-0: Called Strike 0-1: Fly out, F8 (Line Drive, 78M, EV 88.8 MPH)
|
| Top of the 8th over - 2 runs, 2 hits, 0 errors, 1 left on base; California 10 - San Francisco 6 |
| BOTTOM OF THE 8TH |
|
San Francisco Giants batting - Pitching for California Angels : LHP Steve Cooper
|
|
Batting: SHB Bill Dooms
|
0-0: Called Strike 0-1: Swinging Strike 0-2: Ball 1-2: Ball 2-2: Strikes out swinging
|
|
Batting: RHB Nate Hodson
|
0-0: Swinging Strike 0-1: Ball 1-1: Ball 2-1: Foul Ball, location: 2F 2-2: Ball 3-2: Foul Ball, location: 2F 3-2: Foul Ball, location: 2F 3-2: Fly out, F9 (Flyball, 9S, EV 76.2 MPH)
|
|
Batting: LHB John Blair
|
0-0: DOUBLE (Line Drive, 7LM, EV 95.0 MPH)
|
|
Pitching: RHP Dave Jackson
|
|
|
Batting: RHB Nick Rigden
|
0-0: Ball 1-0: SINGLE (Line Drive, 3D, EV 101.9 MPH) John Blair to third
|
|
Batting: LHB Carey Horncole
|
0-0: Foul Ball, location: 2F 0-1: Fielders Choice at 2nd, 6-4 (Groundball, 6, EV 87.5 MPH)
|
| Bottom of the 8th over - 0 runs, 2 hits, 0 errors, 2 left on base; California 10 - San Francisco 6 |
| TOP OF THE 9TH |
|
California Angels batting - Pitching for San Francisco Giants : RHP Alex Montes
|
|
Pitching: RHP Lorenzo de Jesus
|
|
|
Batting: RHB Nick Dunn
|
0-0: Called Strike 0-1: Ball 1-1: Ball 2-1: Swinging Strike 2-2: Ball 3-2: Base on Balls
|
|
Batting: RHB Avery Maxwell
|
0-0: Ball Nick Dunn is caught stealing 2nd base 2-4 1-0: Called Strike 1-1: Swinging Strike 1-2: Strikes out swinging
|
|
Batting: LHB Javier Trujillo
|
0-0: Ball 1-0: Foul Ball, location: 2F 1-1: Ball 2-1: Ball 3-1: Called Strike 3-2: Strikes out looking
|
| Top of the 9th over - 0 runs, 0 hits, 0 errors, 0 left on base; California 10 - San Francisco 6 |
| BOTTOM OF THE 9TH |
|
San Francisco Giants batting - Pitching for California Angels : RHP Dave Jackson
|
|
Batting: RHB Sean Zielinski
|
0-0: Ball 1-0: Called Strike 1-1: Foul Ball, location: 2F 1-2: Foul Ball, location: 2F 1-2: Strikes out looking
|
|
Batting: LHB Jack Henningar
|
0-0: Ball 1-0: Ball 2-0: Ground out 4-3 (Groundball, 34, EV 83.8 MPH)
|
|
Batting: SHB Ryan Doss
|
0-0: Foul Ball, location: 2F 0-1: Swinging Strike 0-2: Strikes out swinging
|
| Bottom of the 9th over - 0 runs, 0 hits, 0 errors, 0 left on base; California 10 - San Francisco 6 |
|